 Seeded DCSS version 0.29.1-15-g9cfb28693d (webtiles) character file.

Game seed: 9319893146637693751 (custom seed)

62 bmack86 the Chopper (level 3, -2/31 HPs)
             Began as a Minotaur Fighter on Apr 8, 2024.
             Succumbed to a scorpion's poison
             ... on level 4 of the Dungeon.
             The game lasted 00:03:11 (2383 turns).

bmack86 the Chopper (Minotaur Fighter)              Turns: 2383, Time: 00:03:11

Health: -2/31      AC:  6    Str: 22    XL:     3   Next: 85%
Magic:  2/2        EV:  9    Int:  5    God:
Gold:   127        SH:  4    Dex:  9    Spells: 2/2 levels left

rFire   . . .      SeeInvis .   a - +0 war axe
rCold   . . .      Faith    .   c - +0 buckler
rNeg    . . .      Spirit   .   b - +0 scale mail
rPois   .          Reflect  .   (helmet restricted)
rElec   .          Harm     .   (no cloak)
rCorr   .          Rampage  .   (no gloves)
Will    .....                   (no boots)
Stlth   ..........              (no amulet)
HPRegen 0.10/turn               (no ring)
MPRegen 0.08/turn               (no ring)

@: mighty, brilliant, lethally poisoned (-2 -> -20)
A: horns 2, retaliatory headbutt
a: no special abilities


You were on level 4 of the Dungeon.
You visited 1 branch of the dungeon, and saw 4 of its levels.

You collected 127 gold pieces.

Inventory:

Hand Weapons
 a - a +0 war axe (weapon)
Missiles
 r - 6 boomerangs (quivered)
Armour
 b - a +0 scale mail (worn)
 c - a +0 buckler (worn)
Wands
 x - a wand of polymorph (10)
Scrolls
 f - a scroll of acquirement {unknown}
 g - a scroll of poison {unknown}
 i - a scroll of brand weapon {unknown}
 k - 2 scrolls of identify {unknown}
 l - a scroll of noise {unknown}
 o - a scroll of amnesia {unknown}
 p - a scroll of teleportation {unknown}
 q - a scroll of immolation {unknown}
 s - a scroll of magic mapping {unknown}
 t - a scroll of blinking {unknown}
 u - a scroll of torment {unknown}
 w - a scroll of butterflies {unknown}
Potions
 d - 3 potions of might
 e - a potion of brilliance
 h - a potion of ambrosia {unknown}
 j - a potion of lignification {unknown}
 m - 2 potions of curing {unknown}
 n - 2 potions of mutation {unknown}
 v - a potion of heal wounds {unknown}


   Skills:
 - Level 3.6 Fighting
 * Level 5.1 Axes
 - Level 3.6 Armour
 - Level 3.6 Shields


You had 2 spell levels left.
You didn't know any spells.
Your spell library contained the following spells:

 Spells                   Type           Power      Damage    Failure   Level
 Sting                    Tmut/Pois      0%         1d3       88%         1
 Poisonous Vapours        Pois/Air       0%         N/A       95%         2
 Olgreb's Toxic Radiance  Pois           0%         N/A       100%        4


Dungeon Overview and Level Annotations

Branches:
Dungeon (4/15)
 Temple: D:4-7

Altars:


Innate Abilities, Weirdness & Mutations

You have a pair of horns on your head.
You reflexively headbutt those who attack you in melee.


Message History

You enter the shallow water.
Moving in this stuff is going to be slow.
You open the door.
There is an open door here.
You see here a +0 barding.
Done exploring.
There is a stone staircase leading up here.
There is a stone staircase leading down here.
You climb downwards.
There is a stone staircase leading up here.
Found an escape hatch in the ceiling.
Found a stone staircase leading down.
A scorpion comes into view.
You closely miss the scorpion. The scorpion stings you.
You are poisoned.
The scorpion poisons you!
You slash the scorpion!
The scorpion is moderately wounded.
You feel sick. The scorpion stings you.
You are more poisoned.
The scorpion poisons you!
The scorpion stings you but does no damage.
You feel very mighty all of a sudden.
You feel very sick. The scorpion stings you.
You slash the scorpion!
The scorpion is severely wounded.
You feel very sick. The scorpion closely misses you. The scorpion stings you.
* * * LOW HITPOINT WARNING * * *
You barely miss the scorpion.
The scorpion is severely wounded.
* * * LOW HITPOINT WARNING * * *
You feel sick. The scorpion stings you.
* * * LOW HITPOINT WARNING * * *
You are more poisoned.
The scorpion poisons you!
It was a potion of brilliance.
You feel clever all of a sudden.
You die...

#.#.<...#.####..
#....####.#
###....##...#
.....##...###
.........########
..............>..
###..#........###
#..####.....##..#
. #....@s.....#
.....#####........
.### .....##.#
s.?......
..........#
............
...........#.
............#


You could see a scorpion.

Vanquished Creatures
  2 worms
  3 orcs (D:3)
  7 endoplasms
  2 giant cockroaches
  5 goblins
  6 hobgoblins
  3 quokkas
  3 ball pythons
  6 bats
  4 frilled lizards
  4 kobolds (D:1)
  5 rats
50 creatures vanquished.

Vanquished Creatures (others)
  6 plants (D:3)
6 creatures vanquished.

Grand Total: 56 creatures vanquished

Notes
Turn   | Place    | Note
-------+----------+-------------------------------------------
     0 | D:1      | bmack86 the Minotaur Fighter began the quest for the Orb.
     0 | D:1      | Reached XP level 1. HP: 19/19 MP: 0/0
    61 | D:1      | Reached skill level 3 in Axes
    67 | D:1      | Reached XP level 2. HP: 24/26 MP: 1/1
   397 | D:1      | Reached skill level 4 in Axes
   658 | D:2      | Found a faded altar of an unknown god.
   767 | D:2      | Reached XP level 3. HP: 22/31 MP: 2/2
  2060 | D:3      | Reached skill level 5 in Axes
  2375 | D:4      | Noticed a scorpion
  2383 | D:4      | Succumbed to a scorpion's poison

Illustrated notes

Levels and vault maps discovered:
D:1:      evilmike_arrival_rings, layout_basic, interstate_on_off
D:2:      layout_loops_ring, ebering_ecumenical_altar_sacrificial,
          minmay_pentomino_o4
D:3:      wad_lake_hut, layout_basic, grunt_decor_mini_mirrors
D:4:      layout_rooms, kennysheep_mini_moat, nicolae_wooded_promenade,
          uniq_pikel, uniq_natasha

Skill      XL: |  1  2  3 |
---------------+----------+-----
Axes           | 3 4 5 |  5.1
Fighting       | |  3.6
Armour         | |  3.6
Shields        | |  3.6

Action                   || total
-------------------------++-------
Melee: War axe           ||    89
       Headbutt          ||    11
Throw: Boomerang         ||     1
  Use: Potion            ||     2
Armor: Scale mail        ||    59
Dodge: Dodged            ||    47
Block: Buckler           ||    27
